AoeStats
← Dibujanding

Arabia

508782672Analyzed
1v1 RM · 7d ago on Sep 24, 2026· 42m 36s· 2 players
Game mode
Random Map
Map size
Tiny (2 player)
Population
200
Speed
Normal
Resources
Standard
Victory
Conquest
Starting age
Dark Age
Ending age
Imperial Age
RankedLock teamsTeams togetherTeam positionsShared explorationLock speedFull tech treeHidden civsTurbo modeCheats
Victory
Defeat
🇲🇽 Vikings · Mexico
1052
+16
🇺🇾 Vietnamese · Uruguay
1052
-16
Dibujanding
9:38 Feudal Age
9:41 Man-at-Arms
13:07 Double-Bit Axe
18:46 Loom
23:35 Castle Age
22:20 Padded Archer Armor
22:39 Stone Mining
23:02 Scale Mail Armor
23:06 Gold Mining
23:38 Long Swordsman
23:58 Crossbowman
24:36 Loom
25:32 Gold Shaft Mining
27:06 Horse Collar
27:36 Bow Saw
30:30 Squires
32:53 Leather Archer Armor
32:28 Fletching
32:54 Chain Mail Armor
36:16 Bodkin Arrow
40:53 Imperial Age
40:21 Heavy Plow
40:10 Arson
40:19 Pikeman
41:07 Arbalester
42:18 Ballistics
42:59 Chemistry
42:36 Ring Archer Armor
Jona_E
2:34 Loom
9:40 Feudal Age
10:18 Double-Bit Axe
16:34 Town Watch
21:13 Fletching
24:27 Castle Age
22:45 Bloodlines
22:48 Gold Mining
23:03 Padded Archer Armor
23:18 Horse Collar
25:05 Crossbowman
25:53 Bodkin Arrow
28:02 Bow Saw
30:34 Wheelbarrow
30:01 Stone Mining
30:29 Heavy Plow
37:53 Leather Archer Armor
37:15 Light Cavalry
Connection lost

Rejoining the realm…

Still unreachable

The connection could not be restored.

Session expired

The server has moved on; the page needs a fresh start.